Blues vs Maple Leafs
Created - January 28, 2019 at 22:23
Goals
|
| Blues |
0 |
2 |
1 |
0 |
0 |
3 |
| Maple Leafs |
0 |
2 |
1 |
0 |
1 |
4 |
|
Shots
|
| Blues |
10 |
11 |
10 |
1 |
3 |
32 |
| Maple Leafs |
6 |
17 |
12 |
1 |
2 |
36 |
|
1st period
No Goal
Penalties :
No Penalty
2nd period
1. Blues , Ted Purcell 11 (Travis Zajac 13, Sergei Shirokov 21) at 1:29
2. Maple Leafs , Blake Comeau 9 (Gilbert Brule 26, Ryan Parent 6) at 8:00
3. Blues , Ted Purcell 12 (Travis Zajac 14) at 11:41
4. Maple Leafs , Jordan Staal 21 (Claude Giroux 38, Fabian Brunnstrom 16) at 15:35
Penalties :
Tobias Enstrom (Tor) for Holding Stick (Minor) at 1:38
3rd period
5. Maple Leafs , Jordan Staal 22 (Tobias Enstrom 29, Claude Giroux 39) at 0:34 (PP)
6. Blues , Ted Purcell 13 (Jake Gardiner 22, Yann Sauvé 9) at 4:13
Penalties :
David Perron (STL) for Tripping (Minor) at 0:03, Marc-Édouard Vlasic (Tor) for Roughing (Minor) at 6:34, Fabian Brunnstrom (Tor) for Hooking (Minor) at 10:30, Fabian Brunnstrom (Tor) for Charging (Minor) at 15:22
Overtime #1
No Goal
Penalties :
No Penalty
Shootout
Blues, David Perron - Stopped by Thomas McCollum
Maple Leafs, Claude Giroux - Goal!
Blues, Ted Purcell - Stopped by Thomas McCollum
Maple Leafs, Jordan Staal - Stopped by Carey Price
Blues, Nicklas Backstrom - Stopped by Thomas McCollum
Penalties :
No Penalty
Goalie Stats
Carey Price (STL), 33 saves from 36 shots - (0.917), OTL, 17-16-2, 65:00 minutes
Thomas McCollum (Tor), 29 saves from 32 shots - (0.906), W, 5-2-0, 65:00 minutes
Players Stats for Blues
Player Name G A P +/- PIM S H SB GA TA FO MP PP MP PK MP
------------------------------------------------------------------------------------
Alex Pietrangelo 0 0 0 1 0 3 2 1 0 0 0/0 27:39 4:34 0:31
Brandon Yip 0 0 0 -1 0 1 1 0 0 0 0/0 10:55 0:06 0:00
Bryce Lampman 0 0 0 0 0 0 1 0 0 1 0/0 29:33 3:22 0:31
Cody Ceci 0 0 0 2 0 0 0 0 0 0 0/0 12:40 0:00 0:00
David Perron 0 0 0 -1 2 1 1 1 1 0 0/1 22:34 3:37 0:00
Filip Forsberg 0 0 0 0 0 3 1 1 0 0 0/1 14:45 4:02 0:00
Jake Gardiner 0 1 1 -2 0 5 2 1 1 0 0/0 25:31 4:34 0:00
Jeff Skinner 0 0 0 -1 0 2 0 0 0 0 1/1 9:58 0:00 0:00
Kyle Okposo 0 0 0 -1 0 3 1 1 0 0 0/0 22:31 4:03 0:00
Logan Couture 0 0 0 0 0 0 0 0 0 2 2/11 12:39 0:24 0:31
Nick Leddy 0 0 0 3 0 0 0 1 2 1 0/0 16:33 3:22 0:00
Nicklas Backstrom 0 0 0 -1 0 2 0 0 4 0 10/24 23:21 4:04 0:00
Patrick Kaleta 0 0 0 0 0 0 0 0 0 0 0/0 11:23 0:00 0:31
Sergei Shirokov 0 1 1 3 0 3 5 0 1 0 0/1 18:08 3:46 0:00
Ted Purcell 3 0 3 3 0 6 0 0 1 0 0/0 14:22 0:00 0:00
Tomas Plekanec 0 0 0 -1 0 0 2 0 1 0 4/6 9:31 0:00 0:00
Travis Zajac 0 2 2 3 0 2 1 1 0 0 10/15 19:21 3:46 0:00
Yann Sauvé 0 1 1 -2 0 1 0 1 0 0 0/0 18:04 0:00 0:00
Players Stats for Maple Leafs
Player Name G A P +/- PIM S H SB GA TA FO MP PP MP PK MP
------------------------------------------------------------------------------------
Artemi Panarin 0 0 0 -1 0 2 5 1 0 2 0/0 19:34 0:31 1:44
Ben Smith 0 0 0 -1 0 0 1 3 0 1 0/1 18:52 0:00 2:09
Blake Comeau 1 0 1 0 0 1 0 0 1 0 0/0 11:02 0:00 0:00
Braydon Coburn 0 0 0 -2 0 2 1 5 1 0 0/0 28:36 0:00 4:44
Claude Giroux 0 2 2 0 0 3 1 1 0 0 0/0 18:23 0:31 0:00
Eric Nystrom 0 0 0 0 0 3 1 0 0 1 0/1 16:12 0:00 4:03
Fabian Brunnstrom 0 1 1 0 4 4 2 1 0 0 1/2 15:42 0:00 0:00
Gilbert Brule 0 1 1 0 0 2 1 0 0 0 4/8 13:13 0:00 2:09
Jeremy Morin 0 0 0 0 0 3 0 0 0 1 0/1 8:59 0:00 0:00
John Klingberg 0 0 0 0 0 1 0 1 0 2 0/0 9:34 0:00 0:06
Jordan Staal 2 0 2 0 0 4 2 1 1 0 19/28 22:42 0:31 4:11
Marc-Édouard Vlasic 0 0 0 0 2 3 1 0 0 0 0/0 24:04 0:31 2:23
Mark Scheifele 0 0 0 -1 0 1 0 1 0 0 6/13 19:02 0:00 1:36
Ryan Parent 0 1 1 1 0 1 1 1 0 0 0/0 17:41 0:00 1:44
T.J Galiardi 0 0 0 0 0 3 1 0 1 1 1/1 8:59 0:00 0:00
Taylor Chorney 0 0 0 0 0 1 0 2 0 1 0/0 23:00 0:00 4:32
Tobias Enstrom 0 1 1 -1 2 1 2 4 0 1 0/0 27:26 0:31 2:23
Zac Dalpe 0 0 0 0 0 1 2 0 0 1 2/5 8:59 0:00 0:00
3 Stars
1 - Ted Purcell (STL)
2 - Jordan Staal (Tor)
3 - Travis Zajac (STL)
Power Play
Blues - 0 on 4 Attempt(s) - 0.00%
Maple Leafs - 1 on 1 Attempt(s) - 100.00%
Penalty Kill
Blues - 0 on 1 Attempt(s) - 0.00%
- Score 0 goal in Penalty Kill
Maple Leafs - 4 on 4 Attempt(s) - 100.00%
- Score 0 goal in Penalty Kill
Team Stat
Blues - Hits : 17 - Faceoff Wins : 27 - Blocked Shots : 8 - Penalty Minutes : 2
Maple Leafs - Hits : 21 - Faceoff Wins : 33 - Blocked Shots : 21 - Penalty Minutes : 8
Official
Referees : Unknown
Linesman : Unknown
Game Notes
John Klingberg is injured at 17:49 of 2nd period (Sports Hernia)
Ted Purcell has scored a Hat Trick!
Finance
Level 1 -- Attendance: 5779 (96.32%) -- Ticket Income $520,110
Level 2 -- Attendance: 4697 (93.94%) -- Ticket Income $258,335
Level 3 -- Attendance: 1815 (90.75%) -- Ticket Income $65,340
Level 4 -- Attendance: 3798 (94.95%) -- Ticket Income $94,950
Luxury Box -- Attendance: 1000 (100.00%) -- Ticket Income $155,000
Game was played at the Maple Leafs Garden.
Total Attendance: 17089 (94.94%)
Total Ticket Income: $1,093,735
Other Income: $164,060
Total Income: $1,257,795
Blues
5 vs 5 Forward
Center Left Wing Right Wing Time % Phy DF OF
1 Nicklas Backstrom David Perron Kyle Okposo 40 1 2 2
2 Travis Zajac Ted Purcell Sergei Shirokov 30 1 2 2
3 Logan Couture Filip Forsberg Patrick Kaleta 20 1 2 2
4 Tomas Plekanec Jeff Skinner Brandon Yip 10 1 2 2
5 vs 5 Defense
Defense Defense Time % Phy DF OF
1 Alex Pietrangelo Bryce Lampman 40 1 2 2
2 Jake Gardiner Yann Sauvé 30 1 2 2
3 Nick Leddy Cody Ceci 20 1 2 2
4 Jake Gardiner Bryce Lampman 10 1 2 2
PowerPlay Forward
Center Left Wing Right Wing Time % Phy DF OF
1 Nicklas Backstrom Filip Forsberg Kyle Okposo 60 1 2 2
2 Travis Zajac David Perron Sergei Shirokov 40 1 2 2
PowerPlay Defense
Defense Defense Time % Phy DF OF
1 Alex Pietrangelo Jake Gardiner 60 1 2 2
2 Nick Leddy Bryce Lampman 40 1 2 2
Penalty Kill 4 Players Forward
Center Wing Time % Phy DF OF
1 Logan Couture Patrick Kaleta 60 1 2 2
2 Travis Zajac Ted Purcell 40 1 2 2
Penalty Kill 4 Players Defense
Defense Defense Time % Phy DF OF
1 Alex Pietrangelo Bryce Lampman 60 1 2 2
2 Jake Gardiner Yann Sauvé 40 1 2 2
Penalty Kill - 3 Players Forward
Forward Time % Phy DF OF
1 Travis Zajac 60 1 2 2
2 Logan Couture 40 1 2 2
Penalty Kill - 3 Players Defense
Defense Defense Time % Phy DF OF
1 Alex Pietrangelo Bryce Lampman 60 1 2 2
2 Jake Gardiner Yann Sauvé 40 1 2 2
4 vs 4 Forward
Center Wing Time % Phy DF OF
1 Nicklas Backstrom David Perron 60 1 2 2
2 Travis Zajac Kyle Okposo 40 1 2 2
4 vs 4 Defense
Defense Defense Time % Phy DF OF
1 Alex Pietrangelo Bryce Lampman 60 1 2 2
2 Jake Gardiner Yann Sauvé 40 1 2 2
Last Minutes Offensive
Center Left Wing Right Wing Defense Defense
Nicklas Backstrom David Perron Kyle Okposo Alex Pietrangelo Jake Gardiner
Last Minutes Defensive
Center Left Wing Right Wing Defense Defense
Travis Zajac Ted Purcell Patrick Kaleta Alex Pietrangelo Bryce Lampman
Goaltenders
Starting : Carey Price
Backup : Ray Emery
Extra Forwards
Normal : Logan Couture, Brandon Yip, Patrick Kaleta - PP : Logan Couture, Brandon Yip - PK : Patrick Kaleta
Extra Defensemen
Normal : Nick Leddy, Cody Ceci, Jake Gardiner - PP : Nick Leddy - PK : Cody Ceci, Jake Gardiner
Penalty Shots
David Perron, Ted Purcell, Nicklas Backstrom, Logan Couture, Jeff Skinner
Scratches
Linus Omark (Herniated Disc Injury)
Maple Leafs
5 vs 5 Forward
Center Left Wing Right Wing Time % Phy DF OF
1 Jordan Staal Fabian Brunnstrom Claude Giroux 40 1 2 2
2 Mark Scheifele Artemi Panarin Ben Smith 30 1 2 2
3 Gilbert Brule Eric Nystrom Blake Comeau 20 1 2 2
4 Zac Dalpe T.J Galiardi Jeremy Morin 10 1 2 2
5 vs 5 Defense
Defense Defense Time % Phy DF OF
1 Tobias Enstrom Braydon Coburn 40 1 2 2
2 John Klingberg Marc-Édouard Vlasic 30 1 2 2
3 Taylor Chorney Ryan Parent 20 1 2 2
4 Tobias Enstrom Marc-Édouard Vlasic 10 1 2 2
PowerPlay Forward
Center Left Wing Right Wing Time % Phy DF OF
1 Jordan Staal Artemi Panarin Claude Giroux 60 1 2 2
2 Gilbert Brule Fabian Brunnstrom Ben Smith 40 1 2 2
PowerPlay Defense
Defense Defense Time % Phy DF OF
1 Tobias Enstrom John Klingberg 60 1 2 2
2 Marc-Édouard Vlasic Braydon Coburn 40 1 2 2
Penalty Kill 4 Players Forward
Center Wing Time % Phy DF OF
1 Jordan Staal Eric Nystrom 60 1 2 2
2 Gilbert Brule Ben Smith 40 1 2 2
Penalty Kill 4 Players Defense
Defense Defense Time % Phy DF OF
1 Taylor Chorney Braydon Coburn 60 1 2 2
2 Tobias Enstrom Marc-Édouard Vlasic 40 1 2 2
Penalty Kill - 3 Players Forward
Forward Time % Phy DF OF
1 Jordan Staal 60 1 2 2
2 Gilbert Brule 40 1 2 2
Penalty Kill - 3 Players Defense
Defense Defense Time % Phy DF OF
1 Taylor Chorney Marc-Édouard Vlasic 60 1 2 2
2 Tobias Enstrom Braydon Coburn 40 1 2 2
4 vs 4 Forward
Center Wing Time % Phy DF OF
1 Jordan Staal Claude Giroux 60 1 2 2
2 Mark Scheifele Artemi Panarin 40 1 2 2
4 vs 4 Defense
Defense Defense Time % Phy DF OF
1 Tobias Enstrom John Klingberg 60 1 2 2
2 Marc-Édouard Vlasic Braydon Coburn 40 1 2 2
Last Minutes Offensive
Center Left Wing Right Wing Defense Defense
Jordan Staal Artemi Panarin Claude Giroux Tobias Enstrom John Klingberg
Last Minutes Defensive
Center Left Wing Right Wing Defense Defense
Jordan Staal Artemi Panarin Claude Giroux Braydon Coburn Tobias Enstrom
Goaltenders
Starting : Thomas McCollum
Backup : Marc-André Fleury
Extra Forwards
Normal : Mark Scheifele, Ben Smith, Eric Nystrom - PP : Mark Scheifele, Ben Smith - PK : Eric Nystrom
Extra Defensemen
Normal : Marc-Édouard Vlasic, John Klingberg, Taylor Chorney - PP : Marc-Édouard Vlasic - PK : Ryan Parent, Taylor Chorney
Penalty Shots
Claude Giroux, Jordan Staal, Gilbert Brule, Artemi Panarin, Fabian Brunnstrom
Scratches
None
% Time on Ice - Blues
Lines # - Real PCT - Wanted PCT - Time Play
Normal Forward
1 - 33% - 40% - 17:15
2 - 28% - 30% - 14:22
3 - 20% - 20% - 10:25
4 - 18% - 10% - 9:31
Normal Defense
1 - 38% - 40% - 19:50
2 - 33% - 30% - 16:48
3 - 22% - 20% - 11:29
4 - 7% - 10% - 3:26
PP Forward
1 - 53% - 60% - 4:10
2 - 47% - 40% - 3:46
PP Defense
1 - 58% - 60% - 4:34
2 - 42% - 40% - 3:22
PK Forward
1 - 100% - 60% - 0:31
2 - 0% - 40% - 0:00
PK Defense
1 - 100% - 60% - 0:31
2 - 0% - 40% - 0:00
PK3 Forward
1 - 0% - 60%
2 - 0% - 40%
PK3 Defense
1 - 0% - 60%
2 - 0% - 40%
44 Forward
1 - 76% - 60% - 3:47
2 - 24% - 40% - 1:13
44 Defense
1 - 63% - 60% - 3:08
2 - 37% - 40% - 1:52
Last Minute Offensive - 0:00
Last Minute Defensive - 0:00
Total
Forward - 65:00
Defense - 65:00
|
% Time on Ice - Maple Leafs
Lines # - Real PCT - Wanted PCT - Time Play
Normal Forward
1 - 31% - 40% - 16:05
2 - 30% - 30% - 15:27
3 - 21% - 20% - 11:02
4 - 17% - 10% - 8:59
Normal Defense
1 - 38% - 40% - 19:21
2 - 33% - 30% - 16:55
3 - 24% - 20% - 12:19
4 - 6% - 10% - 2:58
PP Forward
1 - 100% - 60% - 0:31
2 - 0% - 40% - 0:00
PP Defense
1 - 100% - 60% - 0:31
2 - 0% - 40% - 0:00
PK Forward
1 - 73% - 60% - 5:47
2 - 27% - 40% - 2:09
PK Defense
1 - 57% - 60% - 4:31
2 - 43% - 40% - 3:25
PK3 Forward
1 - 0% - 60%
2 - 0% - 40%
PK3 Defense
1 - 0% - 60%
2 - 0% - 40%
44 Forward
1 - 88% - 60% - 4:23
2 - 12% - 40% - 0:37
44 Defense
1 - 95% - 60% - 4:46
2 - 5% - 40% - 0:14
Last Minute Offensive - 0:00
Last Minute Defensive - 0:00
Total
Forward - 65:00
Defense - 65:00
|
Play-by-Play
1st period
0:01 of 1st period - Nicklas Backstrom wins face-off versus Jordan Staal in neutral zone.
0:06 of 1st period - Slapshot by Alex Pietrangelo.
0:06 of 1st period - Stopped by Thomas McCollum without a rebound.
0:07 of 1st period - Jordan Staal wins face-off versus Nicklas Backstrom in Maple Leafs zone.
0:40 of 1st period - Snap shot by Nicklas Backstrom.
0:40 of 1st period - Shot Misses the Net.
1:04 of 1st period - Snap shot by Nicklas Backstrom.
1:04 of 1st period - Shot Blocked by Braydon Coburn.
1:06 of 1st period - Wrist shot by Alex Pietrangelo.
1:06 of 1st period - Stopped by Thomas McCollum with a rebound.
1:08 of 1st period - Slapshot by Kyle Okposo.
1:08 of 1st period - Shot Blocked by Jordan Staal.
1:24 of 1st period - Wrist shot by David Perron.
1:24 of 1st period - Stopped by Thomas McCollum with a rebound.
1:36 of 1st period - Wrist shot by Fabian Brunnstrom.
1:36 of 1st period - Stopped by Carey Price without a rebound.
1:37 of 1st period - Travis Zajac wins face-off versus Mark Scheifele in Blues zone.
1:44 of 1st period - Ted Purcell is hit by Artemi Panarin and loses puck.
1:51 of 1st period - Slapshot by Ted Purcell.
1:51 of 1st period - Stopped by Thomas McCollum with a rebound.
2:20 of 1st period - Icing by Eric Nystrom.
2:21 of 1st period - Tomas Plekanec wins face-off versus Zac Dalpe in Maple Leafs zone.
2:36 of 1st period - Slapshot by Marc-Édouard Vlasic.
2:36 of 1st period - Stopped by Carey Price without a rebound.
2:37 of 1st period - Mark Scheifele wins face-off versus Sergei Shirokov in Blues zone.
3:14 of 1st period - Jake Gardiner is hit by Ryan Parent and loses puck.
3:59 of 1st period - Snap shot by Claude Giroux.
3:59 of 1st period - Stopped by Carey Price with a rebound.
4:10 of 1st period - Off-side.
4:11 of 1st period - Travis Zajac wins face-off versus Mark Scheifele in neutral zone.
5:00 of 1st period - Off-side.
5:01 of 1st period - Jordan Staal wins face-off versus Nicklas Backstrom in neutral zone.
5:11 of 1st period - Wrist shot by Kyle Okposo.
5:11 of 1st period - Stopped by Thomas McCollum without a rebound.
5:12 of 1st period - Travis Zajac wins face-off versus Ben Smith in Maple Leafs zone.
5:13 of 1st period - Wrist shot by Ted Purcell.
5:13 of 1st period - Shot Blocked by Ben Smith.
5:15 of 1st period - Snap shot by Ted Purcell.
5:15 of 1st period - Shot Misses the Net.
5:17 of 1st period - Snap shot by Sergei Shirokov.
5:17 of 1st period - Shot Blocked by Ben Smith.
5:27 of 1st period - Snap shot by Sergei Shirokov.
5:27 of 1st period - Shot Blocked by Ben Smith.
5:29 of 1st period - Wrist shot by Travis Zajac.
5:29 of 1st period - Stopped by Thomas McCollum with a rebound.
5:39 of 1st period - Yann Sauvé is hit by Gilbert Brule and loses puck.
5:50 of 1st period - Wrist shot by Eric Nystrom.
5:50 of 1st period - Deflect By Gilbert Brule.
5:50 of 1st period - Shot Blocked by Yann Sauvé.
5:50 of 1st period - Puck is out of play.
5:51 of 1st period - Jordan Staal wins face-off versus Travis Zajac in Blues zone.
6:00 of 1st period - Wrist shot by Fabian Brunnstrom.
6:00 of 1st period - Shot Misses the Net.
8:38 of 1st period - Snap shot by Gilbert Brule.
8:38 of 1st period - Shot Misses the Net.
8:50 of 1st period - Wrist shot by Sergei Shirokov.
8:50 of 1st period - Stopped by Thomas McCollum without a rebound.
8:51 of 1st period - Jordan Staal wins face-off versus Travis Zajac in Maple Leafs zone.
8:56 of 1st period - Ted Purcell is hit by Jordan Staal and loses puck.
9:47 of 1st period - Snap shot by Sergei Shirokov.
9:47 of 1st period - Shot Blocked by Claude Giroux.
9:59 of 1st period - Ted Purcell is hit by Fabian Brunnstrom and loses puck.
10:12 of 1st period - Wrist shot by Ted Purcell.
10:12 of 1st period - Stopped by Thomas McCollum with a rebound.
10:18 of 1st period - Snap shot by Jordan Staal.
10:18 of 1st period - Shot Misses the Net.
10:28 of 1st period - Sergei Shirokov is hit by Claude Giroux and loses puck.
10:35 of 1st period - Slapshot by Jordan Staal.
10:35 of 1st period - Shot Blocked by Nick Leddy.
10:37 of 1st period - Snap shot by Ryan Parent.
10:37 of 1st period - Stopped by Carey Price without a rebound.
10:38 of 1st period - Mark Scheifele wins face-off versus Nicklas Backstrom in Blues zone.
10:46 of 1st period - Off-side.
10:47 of 1st period - Nicklas Backstrom wins face-off versus Mark Scheifele in neutral zone.
11:22 of 1st period - Snap shot by Nicklas Backstrom.
11:22 of 1st period - Stopped by Thomas McCollum with a rebound.
12:04 of 1st period - Alex Pietrangelo is hit by Tobias Enstrom and loses puck.
12:15 of 1st period - Snap shot by Bryce Lampman.
12:15 of 1st period - Shot Misses the Net.
14:24 of 1st period - Snap shot by Artemi Panarin.
14:24 of 1st period - Stopped by Carey Price with a rebound.
14:30 of 1st period - Wrist shot by Nicklas Backstrom.
14:30 of 1st period - Shot Misses the Net.
14:32 of 1st period - Snap shot by Nicklas Backstrom.
14:32 of 1st period - Shot Misses the Net.
14:34 of 1st period - Backhand shot by Bryce Lampman.
14:34 of 1st period - Shot Blocked by Mark Scheifele.
14:40 of 1st period - Wrist shot by David Perron.
14:40 of 1st period - Shot Misses the Net.
14:46 of 1st period - Snap shot by Nicklas Backstrom.
14:46 of 1st period - Stopped by Thomas McCollum with a rebound.
16:01 of 1st period - Off-side.
16:02 of 1st period - Jordan Staal wins face-off versus Logan Couture in neutral zone.
16:37 of 1st period - Slapshot by Gilbert Brule.
16:37 of 1st period - Stopped by Carey Price without a rebound.
16:38 of 1st period - Logan Couture wins face-off versus Eric Nystrom in Blues zone.
16:55 of 1st period - Snap shot by Eric Nystrom.
16:55 of 1st period - Shot Misses the Net.
17:05 of 1st period - Travis Zajac is hit by Fabian Brunnstrom and loses puck.
17:28 of 1st period - Yann Sauvé is hit by T.J Galiardi and loses puck.
18:27 of 1st period - Sergei Shirokov is hit by Eric Nystrom and loses puck.
18:54 of 1st period - Sergei Shirokov is hit by Zac Dalpe and loses puck.
19:27 of 1st period - Gilbert Brule is hit by Tomas Plekanec.
Goals for this period are 0 for Blues vs 0 for Maple Leafs.
Shots for this period are 10 for Blues vs 6 for Maple Leafs.
2nd period
0:01 of 2nd period - Jordan Staal wins face-off versus Travis Zajac in neutral zone.
0:10 of 2nd period - Snap shot by Claude Giroux.
0:10 of 2nd period - Deflect By Fabian Brunnstrom.
0:10 of 2nd period - Deflect By Travis Zajac.
0:10 of 2nd period - Stopped by Carey Price with a rebound.
0:12 of 2nd period - Snap shot by Fabian Brunnstrom.
0:12 of 2nd period - Stopped by Carey Price with a rebound.
0:14 of 2nd period - Snap shot by Fabian Brunnstrom.
0:14 of 2nd period - Deflect By Jordan Staal.
0:14 of 2nd period - Shot Misses the Net.
0:14 of 2nd period - Puck is out of play.
0:15 of 2nd period - Gilbert Brule wins face-off versus Logan Couture in Blues zone.
0:16 of 2nd period - Wrist shot by Eric Nystrom.
0:16 of 2nd period - Stopped by Carey Price without a rebound.
0:17 of 2nd period - Gilbert Brule wins face-off versus Filip Forsberg in Blues zone.
0:18 of 2nd period - Snap shot by John Klingberg.
0:18 of 2nd period - Deflect By Gilbert Brule.
0:18 of 2nd period - Stopped by Carey Price without a rebound.
0:19 of 2nd period - Gilbert Brule wins face-off versus Logan Couture in Blues zone.
0:26 of 2nd period - Snap shot by Gilbert Brule.
0:26 of 2nd period - Shot Blocked by Jake Gardiner.
0:46 of 2nd period - Snap shot by Sergei Shirokov.
0:46 of 2nd period - Shot Blocked by Fabian Brunnstrom.
0:50 of 2nd period - Snap shot by Sergei Shirokov.
0:50 of 2nd period - Shot Misses the Net.
0:52 of 2nd period - Snap shot by Ted Purcell.
0:52 of 2nd period - Stopped by Thomas McCollum with a rebound.
0:54 of 2nd period - Snap shot by Jake Gardiner.
0:54 of 2nd period - Stopped by Thomas McCollum without a rebound.
0:55 of 2nd period - Gilbert Brule wins face-off versus Logan Couture in Maple Leafs zone.
1:06 of 2nd period - Snap shot by Eric Nystrom.
1:06 of 2nd period - Shot Misses the Net.
1:08 of 2nd period - Snap shot by Eric Nystrom.
1:08 of 2nd period - Stopped by Carey Price with a rebound.
1:12 of 2nd period - Snap shot by Eric Nystrom.
1:12 of 2nd period - Shot Blocked by Filip Forsberg.
1:22 of 2nd period - Claude Giroux is hit by Sergei Shirokov and loses puck.
1:27 of 2nd period - Slapshot by Travis Zajac.
1:27 of 2nd period - Shot Blocked by Braydon Coburn.
1:29 of 2nd period - Snap shot by Ted Purcell.
1:29 of 2nd period - Goal by Ted Purcell - Blues : 1 - Maple Leafs : 0.
1:30 of 2nd period - Nicklas Backstrom wins face-off versus Jordan Staal in neutral zone.
1:38 of 2nd period - Minor Penalty to Tobias Enstrom for Holding Stick.
1:39 of 2nd period - Nicklas Backstrom wins face-off versus Jordan Staal in Maple Leafs zone.
3:22 of 2nd period - Sergei Shirokov is hit by Artemi Panarin and loses puck.
3:38 of 2nd period - Penalty to Tobias Enstrom is over, Tobias Enstrom is back on ice.
3:45 of 2nd period - Slapshot by John Klingberg.
3:45 of 2nd period - Stopped by Carey Price with a rebound.
3:47 of 2nd period - Snap shot by Jeremy Morin.
3:47 of 2nd period - Stopped by Carey Price with a rebound.
3:49 of 2nd period - Wrist shot by Jeremy Morin.
3:49 of 2nd period - Shot Misses the Net.
3:51 of 2nd period - Wrist shot by Jeremy Morin.
3:51 of 2nd period - Stopped by Carey Price without a rebound.
3:52 of 2nd period - T.J Galiardi wins face-off versus Tomas Plekanec in Blues zone.
3:53 of 2nd period - Wrist shot by Zac Dalpe.
3:53 of 2nd period - Stopped by Carey Price with a rebound.
5:02 of 2nd period - Slapshot by Mark Scheifele.
5:02 of 2nd period - Stopped by Carey Price with a rebound.
5:31 of 2nd period - Snap shot by Gilbert Brule.
5:31 of 2nd period - Deflect By Blake Comeau.
5:31 of 2nd period - Shot Misses the Net.
5:31 of 2nd period - Puck is out of play.
5:32 of 2nd period - Tomas Plekanec wins face-off versus Gilbert Brule in Blues zone.
5:49 of 2nd period - Slapshot by Eric Nystrom.
5:49 of 2nd period - Stopped by Carey Price with a rebound.
6:08 of 2nd period - Wrist shot by Tomas Plekanec.
6:08 of 2nd period - Shot Misses the Net.
6:10 of 2nd period - Slapshot by Cody Ceci.
6:10 of 2nd period - Shot Blocked by John Klingberg.
6:12 of 2nd period - Snap shot by Jeff Skinner.
6:12 of 2nd period - Stopped by Thomas McCollum with a rebound.
6:14 of 2nd period - Snap shot by Cody Ceci.
6:14 of 2nd period - Shot Misses the Net.
6:16 of 2nd period - Slapshot by Cody Ceci.
6:16 of 2nd period - Deflect By Jeff Skinner.
6:16 of 2nd period - Shot Hit the Post.
6:16 of 2nd period - Puck is out of play.
6:17 of 2nd period - Nicklas Backstrom wins face-off versus Jordan Staal in Maple Leafs zone.
6:52 of 2nd period - Wrist shot by Ted Purcell.
6:52 of 2nd period - Shot Blocked by Tobias Enstrom.
7:12 of 2nd period - Snap shot by T.J Galiardi.
7:12 of 2nd period - Shot Misses the Net.
7:33 of 2nd period - Icing by Jordan Staal.
7:34 of 2nd period - Jordan Staal wins face-off versus Travis Zajac in Maple Leafs zone.
7:42 of 2nd period - Wrist shot by Travis Zajac.
7:42 of 2nd period - Shot Misses the Net.
7:46 of 2nd period - Snap shot by Ted Purcell.
7:46 of 2nd period - Shot Misses the Net.
7:48 of 2nd period - Wrist shot by Travis Zajac.
7:48 of 2nd period - Deflect By Sergei Shirokov.
7:48 of 2nd period - Stopped by Thomas McCollum with a rebound.
7:50 of 2nd period - Wrist shot by Yann Sauvé.
7:50 of 2nd period - Shot Blocked by Ryan Parent.
8:00 of 2nd period - Snap shot by Blake Comeau.
8:00 of 2nd period - Goal by Blake Comeau - Blues : 1 - Maple Leafs : 1.
8:01 of 2nd period - Nicklas Backstrom wins face-off versus Jordan Staal in neutral zone.
8:06 of 2nd period - Snap shot by David Perron.
8:06 of 2nd period - Shot Misses the Net.
8:08 of 2nd period - Slapshot by Jake Gardiner.
8:08 of 2nd period - Stopped by Thomas McCollum with a rebound.
9:55 of 2nd period - Icing by Ryan Parent.
9:56 of 2nd period - Travis Zajac wins face-off versus Gilbert Brule in Maple Leafs zone.
10:05 of 2nd period - Slapshot by Sergei Shirokov.
10:05 of 2nd period - Stopped by Thomas McCollum with a rebound.
10:48 of 2nd period - Taylor Chorney is hit by Travis Zajac and loses puck.
11:23 of 2nd period - Taylor Chorney is hit by Sergei Shirokov and loses puck.
11:36 of 2nd period - Gilbert Brule is hit by Sergei Shirokov and loses puck.
11:41 of 2nd period - Snap shot by Ted Purcell.
11:41 of 2nd period - Goal by Ted Purcell - Blues : 2 - Maple Leafs : 1.
11:42 of 2nd period - Jordan Staal wins face-off versus Nicklas Backstrom in neutral zone.
11:57 of 2nd period - Snap shot by Jordan Staal.
11:57 of 2nd period - Shot Misses the Net.
11:59 of 2nd period - Slapshot by Marc-Édouard Vlasic.
11:59 of 2nd period - Deflect By Claude Giroux.
11:59 of 2nd period - Shot Misses the Net.
11:59 of 2nd period - Puck is out of play.
12:00 of 2nd period - Mark Scheifele wins face-off versus Logan Couture in Blues zone.
12:17 of 2nd period - Tobias Enstrom is hit by Filip Forsberg and loses puck.
12:24 of 2nd period - Mark Scheifele is hit by Alex Pietrangelo and loses puck.
12:51 of 2nd period - Wrist shot by Filip Forsberg.
12:51 of 2nd period - Shot Misses the Net.
13:17 of 2nd period - Snap shot by Filip Forsberg.
13:17 of 2nd period - Stopped by Thomas McCollum with a rebound.
14:12 of 2nd period - Wrist shot by Braydon Coburn.
14:12 of 2nd period - Deflect By Alex Pietrangelo.
14:12 of 2nd period - Stopped by Carey Price with a rebound.
14:48 of 2nd period - Logan Couture is hit by Ben Smith and loses puck.
14:53 of 2nd period - Slapshot by Artemi Panarin.
14:53 of 2nd period - Stopped by Carey Price without a rebound.
14:54 of 2nd period - Jordan Staal wins face-off versus Nicklas Backstrom in Blues zone.
15:35 of 2nd period - Snap shot by Jordan Staal.
15:35 of 2nd period - Goal by Jordan Staal - Blues : 2 - Maple Leafs : 2.
15:36 of 2nd period - Nicklas Backstrom wins face-off versus Zac Dalpe in neutral zone.
16:10 of 2nd period - Wrist shot by Claude Giroux.
16:10 of 2nd period - Shot Blocked by Travis Zajac.
16:12 of 2nd period - Snap shot by Marc-Édouard Vlasic.
16:12 of 2nd period - Deflect By Sergei Shirokov.
16:12 of 2nd period - Stopped by Carey Price with a rebound.
16:28 of 2nd period - Slapshot by Jake Gardiner.
16:28 of 2nd period - Stopped by Thomas McCollum with a rebound.
16:30 of 2nd period - Slapshot by Jake Gardiner.
16:30 of 2nd period - Shot Blocked by Taylor Chorney.
16:32 of 2nd period - Wrist shot by Brandon Yip.
16:32 of 2nd period - Shot Hit the Post.
16:34 of 2nd period - Snap shot by Jake Gardiner.
16:34 of 2nd period - Stopped by Thomas McCollum with a rebound.
16:46 of 2nd period - Wrist shot by Jeremy Morin.
16:46 of 2nd period - Stopped by Carey Price with a rebound.
16:48 of 2nd period - Slapshot by Ryan Parent.
16:48 of 2nd period - Shot Misses the Net.
16:50 of 2nd period - Slapshot by Taylor Chorney.
16:50 of 2nd period - Shot Blocked by David Perron.
17:28 of 2nd period - Cody Ceci is hit by Zac Dalpe and loses puck.
17:48 of 2nd period - John Klingberg is hit by Jake Gardiner and loses puck.
17:49 of 2nd period - John Klingberg from Maple Leafs is injured at 17:49 of 2nd period (Sports Hernia).
17:50 of 2nd period - Fabian Brunnstrom wins face-off versus Nicklas Backstrom in Maple Leafs zone.
17:50 of 2nd period - Fabian Brunnstrom is hit by David Perron.
18:04 of 2nd period - Snap shot by David Perron.
18:04 of 2nd period - Shot Misses the Net.
18:16 of 2nd period - Ted Purcell is hit by Artemi Panarin and loses puck.
19:17 of 2nd period - Icing by Brandon Yip.
19:18 of 2nd period - Tomas Plekanec wins face-off versus Zac Dalpe in Blues zone.
19:29 of 2nd period - Slapshot by Tomas Plekanec.
19:29 of 2nd period - Shot Blocked by Taylor Chorney.
19:45 of 2nd period - Snap shot by Marc-Édouard Vlasic.
19:45 of 2nd period - Shot Misses the Net.
19:47 of 2nd period - Slapshot by Ben Smith.
19:47 of 2nd period - Shot Misses the Net.
19:49 of 2nd period - Wrist shot by Ben Smith.
19:49 of 2nd period - Deflect By Mark Scheifele.
19:49 of 2nd period - Shot Misses the Net.
19:49 of 2nd period - Puck is out of play.
19:50 of 2nd period - Mark Scheifele wins face-off versus Nicklas Backstrom in Blues zone.
Goals for this period are 2 for Blues vs 2 for Maple Leafs.
Shots for this period are 11 for Blues vs 17 for Maple Leafs.
3rd period
0:01 of 3rd period - Nicklas Backstrom wins face-off versus Jordan Staal in neutral zone.
0:03 of 3rd period - Minor Penalty to David Perron for Tripping.
0:04 of 3rd period - Jordan Staal wins face-off versus Logan Couture in Blues zone.
0:10 of 3rd period - Wrist shot by Jordan Staal.
0:10 of 3rd period - Stopped by Carey Price without a rebound.
0:11 of 3rd period - Jordan Staal wins face-off versus Logan Couture in Blues zone.
0:32 of 3rd period - Wrist shot by Jordan Staal.
0:32 of 3rd period - Shot Misses the Net.
0:34 of 3rd period - Slapshot by Tobias Enstrom.
0:34 of 3rd period - Deflect By Jordan Staal.
0:34 of 3rd period - Goal by Jordan Staal - Blues : 2 - Maple Leafs : 3.
0:35 of 3rd period - Jordan Staal wins face-off versus Nicklas Backstrom in neutral zone.
0:44 of 3rd period - Snap shot by Jordan Staal.
0:44 of 3rd period - Shot Misses the Net.
0:46 of 3rd period - Slapshot by Jordan Staal.
0:46 of 3rd period - Shot Blocked by Kyle Okposo.
0:48 of 3rd period - Slapshot by Tobias Enstrom.
0:48 of 3rd period - Stopped by Carey Price with a rebound.
0:50 of 3rd period - Slapshot by Marc-Édouard Vlasic.
0:50 of 3rd period - Shot Misses the Net.
0:52 of 3rd period - Snap shot by Jordan Staal.
0:52 of 3rd period - Stopped by Carey Price with a rebound.
1:02 of 3rd period - Marc-Édouard Vlasic is hit by Sergei Shirokov and loses puck.
1:11 of 3rd period - Snap shot by Sergei Shirokov.
1:11 of 3rd period - Shot Blocked by Tobias Enstrom.
4:13 of 3rd period - Slapshot by Ted Purcell.
4:13 of 3rd period - Goal by Ted Purcell - Blues : 3 - Maple Leafs : 3.
4:14 of 3rd period - Nicklas Backstrom wins face-off versus Jordan Staal in neutral zone.
4:19 of 3rd period - Snap shot by Jake Gardiner.
4:19 of 3rd period - Deflect By Kyle Okposo.
4:19 of 3rd period - Stopped by Thomas McCollum with a rebound.
4:31 of 3rd period - Snap shot by Fabian Brunnstrom.
4:31 of 3rd period - Stopped by Carey Price without a rebound.
4:32 of 3rd period - Travis Zajac wins face-off versus Mark Scheifele in Blues zone.
4:40 of 3rd period - Off-side.
4:41 of 3rd period - Travis Zajac wins face-off versus Mark Scheifele in neutral zone.
4:53 of 3rd period - Travis Zajac is hit by Marc-Édouard Vlasic and loses puck.
5:02 of 3rd period - Sergei Shirokov is hit by Artemi Panarin and loses puck.
5:23 of 3rd period - Slapshot by Marc-Édouard Vlasic.
5:23 of 3rd period - Stopped by Carey Price without a rebound.
5:24 of 3rd period - Jordan Staal wins face-off versus Nicklas Backstrom in Blues zone.
5:25 of 3rd period - Wrist shot by Claude Giroux.
5:25 of 3rd period - Shot Misses the Net.
5:32 of 3rd period - Off-side.
5:33 of 3rd period - Nicklas Backstrom wins face-off versus Fabian Brunnstrom in neutral zone.
6:01 of 3rd period - Slapshot by Kyle Okposo.
6:01 of 3rd period - Stopped by Thomas McCollum with a rebound.
6:03 of 3rd period - Slapshot by Yann Sauvé.
6:03 of 3rd period - Shot Blocked by Braydon Coburn.
6:05 of 3rd period - Slapshot by Jake Gardiner.
6:05 of 3rd period - Shot Misses the Net.
6:07 of 3rd period - Slapshot by Jake Gardiner.
6:07 of 3rd period - Deflect By Fabian Brunnstrom.
6:07 of 3rd period - Stopped by Thomas McCollum with a rebound.
6:17 of 3rd period - Wrist shot by Nicklas Backstrom.
6:17 of 3rd period - Shot Misses the Net.
6:19 of 3rd period - Slapshot by David Perron.
6:19 of 3rd period - Shot Misses the Net.
6:21 of 3rd period - Slapshot by Jake Gardiner.
6:21 of 3rd period - Shot Misses the Net.
6:23 of 3rd period - Snap shot by Yann Sauvé.
6:23 of 3rd period - Shot Misses the Net.
6:25 of 3rd period - Snap shot by Nicklas Backstrom.
6:25 of 3rd period - Shot Blocked by Braydon Coburn.
6:27 of 3rd period - Wrist shot by Jake Gardiner.
6:27 of 3rd period - Shot Blocked by Braydon Coburn.
6:29 of 3rd period - Slapshot by Yann Sauvé.
6:29 of 3rd period - Stopped by Thomas McCollum without a rebound.
6:30 of 3rd period - Travis Zajac wins face-off versus Gilbert Brule in Maple Leafs zone.
6:34 of 3rd period - Minor Penalty to Marc-Édouard Vlasic for Roughing.
6:35 of 3rd period - Travis Zajac wins face-off versus Jordan Staal in Maple Leafs zone.
8:34 of 3rd period - Penalty to Marc-Édouard Vlasic is over, Marc-Édouard Vlasic is back on ice.
9:24 of 3rd period - Snap shot by T.J Galiardi.
9:24 of 3rd period - Shot Misses the Net.
9:26 of 3rd period - Slapshot by T.J Galiardi.
9:26 of 3rd period - Stopped by Carey Price without a rebound.
9:27 of 3rd period - Zac Dalpe wins face-off versus Travis Zajac in Blues zone.
10:08 of 3rd period - Marc-Édouard Vlasic is hit by Jake Gardiner and loses puck.
10:27 of 3rd period - Wrist shot by Filip Forsberg.
10:27 of 3rd period - Stopped by Thomas McCollum without a rebound.
10:28 of 3rd period - Jordan Staal wins face-off versus Logan Couture in Maple Leafs zone.
10:30 of 3rd period - Minor Penalty to Fabian Brunnstrom for Hooking.
10:31 of 3rd period - Jordan Staal wins face-off versus Nicklas Backstrom in Maple Leafs zone.
10:39 of 3rd period - Jordan Staal is hit by Kyle Okposo and loses puck.
10:58 of 3rd period - Eric Nystrom is hit by Sergei Shirokov and loses puck.
11:31 of 3rd period - Wrist shot by Braydon Coburn.
11:31 of 3rd period - Stopped by Carey Price without a rebound.
11:32 of 3rd period - Travis Zajac wins face-off versus Jordan Staal in Blues zone.
11:51 of 3rd period - Slapshot by Jake Gardiner.
11:51 of 3rd period - Deflect By Filip Forsberg.
11:51 of 3rd period - Stopped by Thomas McCollum with a rebound.
12:30 of 3rd period - Penalty to Fabian Brunnstrom is over, Fabian Brunnstrom is back on ice.
12:48 of 3rd period - Off-side.
12:49 of 3rd period - Travis Zajac wins face-off versus Mark Scheifele in neutral zone.
12:58 of 3rd period - Wrist shot by Ted Purcell.
12:58 of 3rd period - Shot Blocked by Artemi Panarin.
13:18 of 3rd period - Icing by Taylor Chorney.
13:19 of 3rd period - Jordan Staal wins face-off versus Tomas Plekanec in Maple Leafs zone.
13:19 of 3rd period - Jordan Staal is hit by Tomas Plekanec.
14:34 of 3rd period - Wrist shot by T.J Galiardi.
14:34 of 3rd period - Stopped by Carey Price with a rebound.
14:36 of 3rd period - Wrist shot by T.J Galiardi.
14:36 of 3rd period - Deflect By Travis Zajac.
14:36 of 3rd period - Stopped by Carey Price without a rebound.
14:37 of 3rd period - Zac Dalpe wins face-off versus Nicklas Backstrom in Blues zone.
15:14 of 3rd period - Wrist shot by Claude Giroux.
15:14 of 3rd period - Stopped by Carey Price with a rebound.
15:22 of 3rd period - Minor Penalty to Fabian Brunnstrom for Charging.
15:23 of 3rd period - Jordan Staal wins face-off versus Nicklas Backstrom in Maple Leafs zone.
16:56 of 3rd period - Ben Smith is hit by Bryce Lampman and loses puck.
17:22 of 3rd period - Penalty to Fabian Brunnstrom is over, Fabian Brunnstrom is back on ice.
17:31 of 3rd period - Slapshot by Taylor Chorney.
17:31 of 3rd period - Stopped by Carey Price without a rebound.
17:32 of 3rd period - Tomas Plekanec wins face-off versus Jeremy Morin in Blues zone.
17:37 of 3rd period - Wrist shot by Cody Ceci.
17:37 of 3rd period - Shot Blocked by Tobias Enstrom.
17:58 of 3rd period - Jake Gardiner is hit by Braydon Coburn and loses puck.
18:45 of 3rd period - Icing by Nick Leddy.
18:46 of 3rd period - Jeff Skinner wins face-off versus Gilbert Brule in Blues zone.
19:01 of 3rd period - Slapshot by Jeff Skinner.
19:01 of 3rd period - Stopped by Thomas McCollum with a rebound.
19:09 of 3rd period - Wrist shot by Brandon Yip.
19:09 of 3rd period - Stopped by Thomas McCollum with a rebound.
19:11 of 3rd period - Slapshot by Cody Ceci.
19:11 of 3rd period - Shot Blocked by Tobias Enstrom.
19:13 of 3rd period - Slapshot by Nick Leddy.
19:13 of 3rd period - Deflect By Brandon Yip.
19:13 of 3rd period - Shot Misses the Net.
19:13 of 3rd period - Puck is out of play.
19:14 of 3rd period - Logan Couture wins face-off versus Mark Scheifele in Maple Leafs zone.
19:15 of 3rd period - Slapshot by Alex Pietrangelo.
19:15 of 3rd period - Stopped by Thomas McCollum without a rebound.
19:16 of 3rd period - Mark Scheifele wins face-off versus Logan Couture in Maple Leafs zone.
19:45 of 3rd period - Gilbert Brule is hit by Alex Pietrangelo and loses puck.
Goals for this period are 1 for Blues vs 1 for Maple Leafs.
Shots for this period are 10 for Blues vs 12 for Maple Leafs.
Overtime #1
0:01 of 1st overtime period - Jordan Staal wins face-off versus Nicklas Backstrom in neutral zone.
0:08 of 1st overtime period - Wrist shot by Jordan Staal.
0:08 of 1st overtime period - Shot Blocked by Alex Pietrangelo.
0:10 of 1st overtime period - Snap shot by Claude Giroux.
0:10 of 1st overtime period - Stopped by Carey Price without a rebound.
0:11 of 1st overtime period - Jordan Staal wins face-off versus David Perron in Blues zone.
0:22 of 1st overtime period - Wrist shot by David Perron.
0:22 of 1st overtime period - Shot Misses the Net.
0:56 of 1st overtime period - Travis Zajac is hit by Tobias Enstrom and loses puck.
2:05 of 1st overtime period - Jeff Skinner is hit by Jordan Staal and loses puck.
2:39 of 1st overtime period - Travis Zajac is hit by Artemi Panarin and loses puck.
3:28 of 1st overtime period - Taylor Chorney is hit by Brandon Yip and loses puck.
3:59 of 1st overtime period - Slapshot by Travis Zajac.
3:59 of 1st overtime period - Shot Misses the Net.
4:01 of 1st overtime period - Slapshot by Nick Leddy.
4:01 of 1st overtime period - Shot Misses the Net.
4:03 of 1st overtime period - Snap shot by Travis Zajac.
4:03 of 1st overtime period - Stopped by Thomas McCollum without a rebound.
4:04 of 1st overtime period - Mark Scheifele wins face-off versus Nicklas Backstrom in Maple Leafs zone.
Goals for this period are 0 for Blues vs 0 for Maple Leafs.
Shots for this period are 1 for Blues vs 1 for Maple Leafs.
ShootOut
5:00 of 1st overtime period - Round #1.
5:00 of 1st overtime period - Blues, David Perron.
5:00 of 1st overtime period - Snap shot by David Perron.
5:00 of 1st overtime period - Stopped by Thomas McCollum.
5:00 of 1st overtime period - Maple Leafs, Claude Giroux.
5:00 of 1st overtime period - Snap shot by Claude Giroux.
5:00 of 1st overtime period - Goal by Claude Giroux.
5:00 of 1st overtime period - Round #2.
5:00 of 1st overtime period - Blues, Ted Purcell.
5:00 of 1st overtime period - Snap shot by Ted Purcell.
5:00 of 1st overtime period - Stopped by Thomas McCollum.
5:00 of 1st overtime period - Maple Leafs, Jordan Staal.
5:00 of 1st overtime period - Deke by Jordan Staal.
5:00 of 1st overtime period - Stopped by Carey Price.
5:00 of 1st overtime period - Round #3.
5:00 of 1st overtime period - Blues, Nicklas Backstrom.
5:00 of 1st overtime period - Deke by Nicklas Backstrom.
5:00 of 1st overtime period - Stopped by Thomas McCollum.
Back to the Top